 Dungeon Sprint DCSS version 0.28.0-43-g3370ac3207 (webtiles) character file.

Game seed: 17204074981035796526

49 boopmooplesden the Slasher (level 3, 0/38 HPs)
             Began as a Minotaur Berserker on Mar 17, 2022.
             Was a Believer of Trog.
             Slain by a water elemental (12 damage)
             ... in the Dungeon (Sprint III: "The Ten Rune Challenge").
             The game lasted 00:00:46 (368 turns).

boopmooplesden the Slasher (Minotaur Berserker)      Turns: 368, Time: 00:00:46

Health: 0/38       AC:  2    Str: 21    XL:     3   Next: 53%
Magic:  2/2        EV: 12    Int:  4    God:    Trog [**....]
Gold:   19         SH:  0    Dex: 11    Spells: 2/2 levels left

rFire   . . .      SeeInvis .   a - +0 falchion
rCold   . . .      Faith    .   (no shield)
rNeg    . . .      Spirit   .   b - +0 animal skin
rPois   .          Reflect  .   (helmet restricted)
rElec   .          Harm     .   (no cloak)
rCorr   .          Rampage  .   (no gloves)
Will    .....      Clarity  +   (no boots)
Stlth   +......... NoTele   +   (no amulet)
HPRegen 0.12/turn               (no ring)
MPRegen 0.08/turn               (no ring)

@: engulfed (cannot breathe), on berserk cooldown
A: horns 2, retaliatory headbutt, clarity, screaming 1, MP-powered wands
a: Renounce Religion, Berserk, Trog's Hand


You were in the Dungeon.
You worshipped Trog.
Trog was pleased with you.
You visited 1 branch You collected 19 gold pieces.

Inventory:

Hand Weapons
 a - a +0 falchion (weapon)
Armour
 b - a +0 animal skin (worn)
Scrolls
 h - a scroll of blinking
 i - a scroll of immolation {unknown}
 j - a scroll of identify {unknown}
 m - a scroll of holy word {unknown}
 n - a scroll of acquirement {unknown}
Potions
 c - a potion of curing
 d - 2 potions of heal wounds
 e - a potion of haste
 f - 2 potions of magic
 g - a potion of berserk rage
 k - a potion of degeneration {unknown}
 o - a potion of resistance {unknown}


   Skills:
 + Level 6.3 Fighting
 + Level 6.4 Long Blades
 + Level 3.5 Armour
 + Level 3.2 Dodging
 + Level 0.4 Stealth


You had 2 spell levels left.
You didn't know any spells.
Your spell library was empty.

Dungeon Overview and Level Annotations

Branches:
Dungeon (1/1)

Altars:


Innate Abilities, Weirdness & Mutations

You have a pair of horns on your head.
You reflexively headbutt those who attack you in melee.
You possess an exceptional clarity of mind.
You occasionally shout uncontrollably at your foes.
You expend magic power (3 MP) to strengthen your wands.


Message History

Really quaff the potion of mutation?
You feel extremely strange.
You regain control of your magic.
Your thinking seems confused.
Your thoughts seem clearer.
You feel genetically stable.
Really quaff the potion of mutation?
You feel extremely strange.
Your magical essence no longer links to wands of the dungeon.
You feel genetically unstable.
Your thinking seems confused.
You lose the ability to read scrolls when threatened.
You feel agile.
Really quaff the potion of mutation?
You feel extremely strange.
You feel clumsy.
You can once more read scrolls while threatened.
Your thoughts seem clearer.
You feel the urge to shout.
You feel your magical essence link to the dungeon's wands.
There is an open door here.
You open the door.
A water elemental comes into view.
You feel yourself speed up.
You're still recovering from your berserk rage.
You hit the water elemental.
The water elemental is moderately damaged.
You barely miss the water elemental.
The water elemental is moderately damaged.
The water elemental closely misses you.
You hit the water elemental but do no damage.
You headbutt the water elemental, but do no damage.
The water elemental is lightly damaged.
The water elemental hits you!!
The water elemental engulfs you in water!
You hit the water elemental but do no damage.
The water elemental is lightly damaged.
Your lungs strain for air!
The water elemental closely misses you.
You slash the water elemental! You headbutt the water elemental.
The water elemental is severely damaged.
Your lungs strain for air!
The water elemental hits you!
You die...

▓▓▓▓▓▓▓▓ ▓▓▓ <..#(..####
##.# ...#......#####..#
..##.......#..#..#
##.##.##..)#..#..# #+#+#
##.##.###..##'#..#......
#.####.##..###..@E.⌠....
.###..##.†####...#...###
#.....##..###....# ⌠.#
###..##...##.....# .#
##..##....#......# #
#..###..##.#.....# #(.#
#.. ####....# ▓▓▓▓ ▓▓▓
▓▓▓▓▓▓


You could see a water elemental.

Vanquished Creatures
  Jessica (D)
  A human (D)
  A phantom (D)
  An endoplasm (D)
  2 rats (D)
6 creatures vanquished.

Notes
Turn   | Place    | Note
-------+----------+-------------------------------------------
     0 | D        | boopmooplesden the Minotaur Berserker began the quest for
                  | the Orb.
     0 | D        | Reached XP level 1. HP: 19/19 MP: 0/0
   193 | D        | Noticed Jessica
   196 | D        | Killed Jessica
   196 | D        | Reached ** piety under Trog
   197 | D        | Reached skill level 5 in Fighting
   197 | D        | Reached skill level 5 in Long Blades
   197 | D        | Reached XP level 2. HP: 30/30 MP: 1/1
   201 | D        | Reached XP level 3. HP: 37/37 MP: 2/2
   354 | D        | Gained mutation: You expend magic power (3 MP) to
                  | strengthen your wands. [potion of mutation]
   354 | D        | Gained mutation: You possess an exceptional clarity of
                  | mind. [potion of mutation]
   354 | D        | Gained mutation: Your spells are a little harder to cast,
                  | but a little more powerful. [potion of mutation]
   355 | D        | Lost mutation: Your spells are a little harder to cast, but
                  | a little more powerful. [potion of mutation]
   355 | D        | Lost mutation: You possess an exceptional clarity of mind.
                  | [potion of mutation]
   355 | D        | Gained mutation: You possess an exceptional clarity of
                  | mind. [potion of mutation]
   355 | D        | Gained mutation: You are somewhat resistant to further
                  | mutation. [potion of mutation]
   356 | D        | Lost mutation: You expend magic power (3 MP) to strengthen
                  | your wands. [potion of mutation]
   356 | D        | Lost mutation: You are somewhat resistant to further
                  | mutation. [potion of mutation]
   356 | D        | Lost mutation: You possess an exceptional clarity of mind.
                  | [potion of mutation]
   356 | D        | Gained mutation: You sometimes lose the ability to read
                  | scrolls when taking damage. [potion of mutation]
   356 | D        | Gained mutation: You are agile. (Dex +2) [potion of
                  | mutation]
   357 | D        | Lost mutation: You are agile. (Dex +2) [potion of mutation]
   357 | D        | Lost mutation: You sometimes lose the ability to read
                  | scrolls when taking damage. [potion of mutation]
   357 | D        | Gained mutation: You possess an exceptional clarity of
                  | mind. [potion of mutation]
   357 | D        | Gained mutation: You occasionally shout uncontrollably at
                  | your foes. [potion of mutation]
   357 | D        | Gained mutation: You expend magic power (3 MP) to
                  | strengthen your wands. [potion of mutation]
   363 | D        | Noticed a water elemental
   368 | D        | Slain by a water elemental

Illustrated notes

Levels and vault maps discovered:
D:        dungeon_sprint_mu [sprint_mu_entry_cave, sprint_mu_temple_rooms,
          sprint_mu_d1_spiders, sprint_mu_d2_genie, sprint_mu_d3_branching,
          sprint_mu_orc_legion, sprint_mu_elf_gauntlet, sprint_mu_hive_nellie,
          sprint_mu_lair_fedhas, sprint_mu_vaults_butterflies,
          sprint_mu_slime_circle, sprint_mu_shoals_kraken,
          sprint_mu_snake_twists, sprint_mu_blade_basic, sprint_mu_crypt_lich,
          sprint_mu_tomb_spiral, sprint_mu_vestibule_basic,
          sprint_mu_gehenna_hellfire, sprint_mu_dis_giant,
          sprint_mu_tartarus_statrot, sprint_mu_cocytus_islands, sprint_mu_zot1]

Skill      XL: |  1  2  3 |
---------------+----------+-----
Fighting       | 5 6 |  6.3
Long Blades    | 5 6 |  6.4
Armour         | 3 |  3.5
Dodging        | 3 |  3.2
Stealth        | |  0.4

Action                   || total
-------------------------++-------
Melee: Falchion          ||    17
       Headbutt          ||     3
Invok: Berserk           ||     1
  Use: Potion            ||     4
 Stab: Sleeping          ||     1
Armor: Animal skin       ||     1
Dodge: Dodged            ||     6
